Workbook

Sheet 企画書
A1: 企画書（損益シミュレーション付）
A3: ■ | B3: 企画名
A4: ■ | B4: 起案者
A5: ■ | B5: 起案日
A6: ■ | B6: 対象期間
A7: ■ | B7: スポンサー
A9: ■ | B9: 総投資額（投資＋運用の3年累計） | C9: =損益シミュ!G45 -> 0 | E9: 損益シミュ シートから自動（ここには入力しない）
A10: ■ | B10: 3年累計効果 | C10: =損益シミュ!G46 -> 0 | E10: 損益シミュ シートから自動（ここには入力しない）
A11: ■ | B11: ROI（3年累計） | C11: =損益シミュ!G49 | E11: 損益シミュ シートから自動（ここには入力しない）
A12: ■ | B12: 回収期間（年） | C12: =損益シミュ!G51 | E12: 損益シミュ シートから自動（ここには入力しない）
A14: 1. 企画背景
A16: 2. 課題
A18: 3. 目的
A20: 4. 解決策
A22: 5. 効果見込み
A24: 6. 必要リソース

Sheet 損益シミュ
A1: 損益シミュレーション（3年）
A2: 入力はすべてプラスの金額です。「効果」もプラスで入れます。引き算（効果 − 投資 − 運用 − リスク）は下の式が行います。売上の増加は、売上そのものでなく粗利（売上から原価を引いた額）で入れます。
A3: 区分 | B3: 項目 | C3: 初期(¥) | D3: 1年目(¥) | E3: 2年目(¥) | F3: 3年目(¥) | G3: 3年累計(¥) | H3: 確認
A4: 投資 | G4: =IF(COUNT(C4:F4)=0,"",SUM(C4:F4))
A5: 投資 | G5: =IF(COUNT(C5:F5)=0,"",SUM(C5:F5))
A6: 投資 | G6: =IF(COUNT(C6:F6)=0,"",SUM(C6:F6))
A7: 投資 | G7: =IF(COUNT(C7:F7)=0,"",SUM(C7:F7))
A8: 投資 | G8: =IF(COUNT(C8:F8)=0,"",SUM(C8:F8))
A9: 運用 | G9: =IF(COUNT(C9:F9)=0,"",SUM(C9:F9))
A10: 運用 | G10: =IF(COUNT(C10:F10)=0,"",SUM(C10:F10))
A11: 運用 | G11: =IF(COUNT(C11:F11)=0,"",SUM(C11:F11))
A12: 運用 | G12: =IF(COUNT(C12:F12)=0,"",SUM(C12:F12))
A13: 運用 | G13: =IF(COUNT(C13:F13)=0,"",SUM(C13:F13))
A14: 効果 | G14: =IF(COUNT(C14:F14)=0,"",SUM(C14:F14))
A15: 効果 | G15: =IF(COUNT(C15:F15)=0,"",SUM(C15:F15))
... A33: リスク | G33: =IF(COUNT(C33:F33)=0,"",SUM(C33:F33))
B35: 区分別合計
B36: 投資合計 | C36: =SUMIF($A$4:$A$33,"投資",C$4:C$33) -> 0 | D36: =SUMIF($A$4:$A$33,"投資",D$4:D$33) -> 0 | E36: =SUMIF($A$4:$A$33,"投資",E$4:E$33) -> 0 | F36: =SUMIF($A$4:$A$33,"投資",F$4:F$33) -> 0 | G36: =SUMIF($A$4:$A$33,"投資",G$4:G$33) -> 0
B37: 運用合計 | C37: =SUMIF($A$4:$A$33,"運用",C$4:C$33) -> 0 | D37: =SUMIF($A$4:$A$33,"運用",D$4:D$33) -> 0 | E37: =SUMIF($A$4:$A$33,"運用",E$4:E$33) -> 0 | F37: =SUMIF($A$4:$A$33,"運用",F$4:F$33) -> 0 | G37: =SUMIF($A$4:$A$33,"運用",G$4:G$33) -> 0
B38: 効果合計 | C38: =SUMIF($A$4:$A$33,"効果",C$4:C$33) -> 0 | D38: =SUMIF($A$4:$A$33,"効果",D$4:D$33) -> 0 | E38: =SUMIF($A$4:$A$33,"効果",E$4:E$33) -> 0 | F38: =SUMIF($A$4:$A$33,"効果",F$4:F$33) -> 0 | G38: =SUMIF($A$4:$A$33,"効果",G$4:G$33) -> 0
B39: リスク合計 | C39: =SUMIF($A$4:$A$33,"リスク",C$4:C$33) -> 0 | D39: =SUMIF($A$4:$A$33,"リスク",D$4:D$33) -> 0 | E39: =SUMIF($A$4:$A$33,"リスク",E$4:E$33) -> 0 | F39: =SUMIF($A$4:$A$33,"リスク",F$4:F$33) -> 0 | G39: =SUMIF($A$4:$A$33,"リスク",G$4:G$33) -> 0
B41: 純キャッシュフロー（効果 − 投資 − 運用 − リスク） | C41: =C38-C36-C37-C39 -> 0 | D41: =D38-D36-D37-D39 -> 0 | E41: =E38-E36-E37-E39 -> 0 | F41: =F38-F36-F37-F39 -> 0 | G41: =G38-G36-G37-G39 -> 0
B42: 累積キャッシュフロー（初期からの足し上げ） | C42: =C41 -> 0 | D42: =C42+D41 -> 0 | E42: =D42+E41 -> 0 | F42: =E42+F41 -> 0
B43: ROIと回収期間（定義は下の注を参照）
B45: 総投資額（分母）＝投資合計 ＋ 運用合計 | G45: =G36+G37 -> 0
B46: 3年累計効果（分子に＋）＝効果合計 | G46: =G38 -> 0
B47: リスク合計（分子から−） | G47: =G39 -> 0
B48: 純効果（分子）＝効果 − 投資 − 運用 − リスク | G48: =G46-G45-G47 -> 0
B49: ROI（3年累計）＝純効果 ÷ 総投資額 | G49: =IF(G45=0,"",G48/G45)
B50: （参考）便益費用比＝3年累計効果 ÷ 総投資額 | G50: =IF(G45=0,"",G46/G45)
B51: 回収期間（年）＝累積キャッシュフローが初めて0以上になる時点 | G51: =IF(G45=0,"",IF(C42>=0,0,IF(D42>=0,-C42/D41,IF(E42>=0,1-D42/E41,IF(F42>=0,2-E42/F41,"3年以内に回収できない")))))
B53: 【ROIの式】ROI（3年累計）＝（効果合計 − 投資合計 − 運用合計 − リスク合計）÷（投資合計 ＋ 運用合計）。分子に入る区分は 効果（＋）・投資・運用・リスク（−）。分母に入る区分は 投資・運用。リスクは分母に入れません。初期〜3年目の4列を合計した3年累計の値で、1年あたりのROIではありません。
B54: 【回収期間の式】期ごとの純キャッシュフロー（効果 − 投資 − 運用 − リスク）を 初期 → 1年目 → 2年目 → 3年目 と足し上げた累積キャッシュフローが、初めて0以上になる時点です。「初期」の列は時点0、各年の列はその年の合計で、その年の中では一定の割合で入る（直線で補う）ものとして計算しています。月ごとの時期は考慮していません。3年目でも0に届かないときは「3年以内に回収できない」と出ます。投資と運用が0のときは空欄です。
B55: 【金額の確認】「確認」の列は、見積書・請求書・実績などで確かめた数字を「確認済み」、見込みを「仮定」とします。「仮定」の数字は、確かめ方（誰に何を聞くか）を企画書に書いておくと、あとで根拠を聞かれても答えられます。

Sheet 売上予測
A1: 売上予測（月次30か月）
A2: ※ このシートは「損益シミュ」とは連動していません（単独の試算用です）。ここで出した売上を損益シミュの効果に使うときは、粗利に直して、損益シミュに手で入れてください。
A3: 月 | B3: 想定客数 | C3: 客単価(¥) | D3: 想定売上(¥) | E3: 累計売上(¥)
A4: 第1月 | D4: =IF(OR(B4="",C4=""),"",B4*C4) | E4: =IF(D4="","",SUM($D$4:D4))
A5: 第2月 | D5: =IF(OR(B5="",C5=""),"",B5*C5) | E5: =IF(D5="","",SUM($D$4:D5))
A6: 第3月 | D6: =IF(OR(B6="",C6=""),"",B6*C6) | E6: =IF(D6="","",SUM($D$4:D6))
A7: 第4月 | D7: =IF(OR(B7="",C7=""),"",B7*C7) | E7: =IF(D7="","",SUM($D$4:D7))
A8: 第5月 | D8: =IF(OR(B8="",C8=""),"",B8*C8) | E8: =IF(D8="","",SUM($D$4:D8))
A9: 第6月 | D9: =IF(OR(B9="",C9=""),"",B9*C9) | E9: =IF(D9="","",SUM($D$4:D9))
A10: 第7月 | D10: =IF(OR(B10="",C10=""),"",B10*C10) | E10: =IF(D10="","",SUM($D$4:D10))
A11: 第8月 | D11: =IF(OR(B11="",C11=""),"",B11*C11) | E11: =IF(D11="","",SUM($D$4:D11))
A12: 第9月 | D12: =IF(OR(B12="",C12=""),"",B12*C12) | E12: =IF(D12="","",SUM($D$4:D12))
A13: 第10月 | D13: =IF(OR(B13="",C13=""),"",B13*C13) | E13: =IF(D13="","",SUM($D$4:D13))
A14: 第11月 | D14: =IF(OR(B14="",C14=""),"",B14*C14) | E14: =IF(D14="","",SUM($D$4:D14))
A15: 第12月 | D15: =IF(OR(B15="",C15=""),"",B15*C15) | E15: =IF(D15="","",SUM($D$4:D15))
... A33: 第30月 | D33: =IF(OR(B33="",C33=""),"",B33*C33) | E33: =IF(D33="","",SUM($D$4:D33))
A35: 30か月合計 | D35: =SUM(D4:D33) -> 0

Sheet ダッシュボード
A1: 企画書ダッシュボード
A3: 総投資額 | C3: 3年累計効果 | E3: ROI（3年累計） | G3: 回収期間
A4: =損益シミュ!G45 -> 0 | C4: =損益シミュ!G46 -> 0 | E4: =損益シミュ!G49 | G4: =損益シミュ!G51
A5: 投資＋運用の3年累計（円） | C5: 効果合計（円） | E5: 純効果 ÷ 総投資額 | G5: 累積CFが0以上になる時点
A7: 【ROIと回収期間の定義】
A8: ROI（3年累計）＝（効果 − 投資 − 運用 − リスク）÷（投資 ＋ 運用）。回収期間＝累積キャッシュフローが初めて0以上になる時点。区分ごとの金額と式は「損益シミュ」シートの下にあります。
A10: 【判定（あなたの基準と比べる）】
A11: 基準のROI（3年累計） | E11: 自社の基準を入れる欄です。このブックは基準の値を入れていません（空欄のままだと判定は出ません）。
A12: 基準の回収期間（年以内）
A14: =IF(OR(D11="",D12=""),"基準を入れると、ここに比較の結果が出ます",IF(NOT(ISNUMBER(損益シミュ!G49)),"損益シミュに金額を入れると、ここに比較の結果が出ます","ROIは基準"&IF(損益シミュ!G49>=D11,"以上","未満")&"、回収期間は"&IF(ISNUMBER(損益シミュ!G51),IF(損益シミュ!G51<=D12,"基準以内","基準を超過"),"3年以内に回収できない")&"（入れた基準との比較です）")) -> 基準を入れると、ここに比較の結果が出ます
A16: 【グラフ用の数字】
A17: 期 | B17: 純CF(¥) | C17: 累積CF(¥) | D17: 効果(¥) | E17: 支出(¥)
A18: 初期 | B18: =損益シミュ!C41 -> 0 | C18: =損益シミュ!C42 -> 0 | D18: =損益シミュ!C38 -> 0 | E18: =損益シミュ!C36+損益シミュ!C37+損益シミュ!C39 -> 0 | F18: 支出＝投資 ＋ 運用 ＋ リスク。グラフはこの表の数字から描かれます。
A19: 1年目 | B19: =損益シミュ!D41 -> 0 | C19: =損益シミュ!D42 -> 0 | D19: =損益シミュ!D38 -> 0 | E19: =損益シミュ!D36+損益シミュ!D37+損益シミュ!D39 -> 0
A20: 2年目 | B20: =損益シミュ!E41 -> 0 | C20: =損益シミュ!E42 -> 0 | D20: =損益シミュ!E38 -> 0 | E20: =損益シミュ!E36+損益シミュ!E37+損益シミュ!E39 -> 0
A21: 3年目 | B21: =損益シミュ!F41 -> 0 | C21: =損益シミュ!F42 -> 0 | D21: =損益シミュ!F38 -> 0 | E21: =損益シミュ!F36+損益シミュ!F37+損益シミュ!F39 -> 0

Sheet 使い方
A1: 企画書エクセル 使い方（白紙版）
A2: この版は数字と氏名を消した白紙版です（区分・式・入力規則・グラフは入っています）。
A4: 1.【企画書】企画名・起案者・対象期間と、6つの欄（背景・課題・目的・解決策・効果見込み・必要リソース）を書きます。総投資額・3年累計効果・ROI・回収期間は、損益シミュから自動で入ります（入力しません）。
A5: 2.【損益シミュ】30行の入力枠に、区分（投資・運用・効果・リスク）と項目、初期・1〜3年目の金額を入れます。金額はすべてプラスで入れます（効果もプラス）。区分と金額と「確認」の列には入力規則があり、選べる値・入れられる値が決まっています。
A6: ・「確認」の列: 見積書や実績で確かめた数字は「確認済み」、見込みは「仮定」を選びます。
A7: ・行を足すときは、入力枠の途中の行を選んで右クリックし「コピーしたセルの挿入」を選びます。合計の範囲も広がります。枠の一番下に書き足すだけでは、合計に入りません。
A8: 3.【ROIと回収期間の式】
A9: ・ROI（3年累計）＝（効果合計 − 投資合計 − 運用合計 − リスク合計）÷（投資合計 ＋ 運用合計）。分母は投資と運用、リスクは分子から引きます。1年あたりのROIではなく、初期〜3年目の合計です。
A10: ・回収期間＝期ごとの純キャッシュフロー（効果 − 投資 − 運用 − リスク）を足し上げた累積が、初めて0以上になる時点。その年の中では一定の割合で入るものとして直線で補っています。3年目でも届かなければ「3年以内に回収できない」と出ます。
A11: ・（参考）便益費用比＝3年累計効果 ÷ 総投資額。ROIとは別の指標なので、行を分けています。
A12: 4.【売上予測】月ごとの客数と客単価から売上と累計を出します。損益シミュとは連動していません。売上を損益シミュの効果に使うときは、粗利に直して手で入れます。
A13: 5.【ダッシュボード】カード4枚・判定・グラフ2枚です。判定は、あなたが「基準のROI」「基準の回収期間」に入れた数字と比べた結果だけを出します。このブックは基準の値を入れていません。
... A17: 【警告】記入例の数字は説明のための架空の値です。実際の企画の目安ではありません。自分の見積・実績に書き換えてください。
